AoeStats
← pascapas

Arena

503920558Analyzed
4v4 RM · 1mo ago on Sep 3, 2026· 52m 35s· 8 players
Game mode
Random Map
Map size
Large (8 player)
Population
200
Speed
Normal
Resources
Standard
Victory
Conquest
Starting age
Dark Age
Ending age
Imperial Age
RankedLock teamsTeams togetherTeam positionsShared explorationLock speedFull tech treeHidden civsTurbo modeCheats
Victory
Defeat
🇹🇼 Burgundians · Taiwan
897
+15
🇦🇺 Bohemians · Australia
894
+15
🇨🇭 Cumans · Switzerland
843
+17
🇨🇦 Mongols · Canada
837
+18
🇨🇴 Persians · Colombia
915
-18
🇺🇸 Khmer · United States
878
-17
🇺🇸 Bohemians · United States
875
-16
🇺🇸 Huns · United States
827
-34
Atomicz 420
0:28 Loom
11:47 Feudal Age
13:49 Gold Mining
13:49 Stone Mining
13:42 Horse Collar
13:51 Double-Bit Axe
19:14 Wheelbarrow
21:29 Castle Age
20:57 Forging
20:52 Scale Barding Armor
23:17 Hand Cart
23:20 Husbandry
23:31 Bloodlines
24:36 Gold Shaft Mining
24:50 Heavy Plow
25:04 Bow Saw
29:25 Iron Casting
29:18 Chain Barding Armor
35:35 Imperial Age
33:35 Town Watch
36:01 Stone Shaft Mining
35:16 Heavy Scorpion
35:51 Cavalier
37:37 Blast Furnace
37:19 Plate Barding Armor
36:34 Heavy Camel Rider
38:14 Fletching
39:28 Chemistry
38:26 Murder Holes
39:54 Savar
AEC008
0:33 Loom
11:11 Feudal Age
11:59 Double-Bit Axe
12:13 Horse Collar
14:39 Wheelbarrow
19:05 Castle Age
20:17 Bow Saw
21:11 Heavy Plow
27:06 Pikeman
32:04 Chemistry
34:29 Imperial Age
32:27 Fortified Wall
32:37 Forging
44:51 Fletching
tequilamockingbird
2:28 Loom
10:51 Feudal Age
17:26 Castle Age
16:18 Gold Mining
16:29 Double-Bit Axe
17:26 Horse Collar
19:44 Heavy Plow
24:53 Husbandry
25:22 Scale Barding Armor
26:20 Forging
27:40 Bloodlines
29:47 Bow Saw
31:43 Tusk Swords
33:04 Wheelbarrow
33:11 Iron Casting
34:18 Chain Barding Armor
39:10 Imperial Age
36:59 Hand Cart
40:24 Conscription
40:24 Double Crossbow
40:49 Elite Ballista Elephant
42:50 Blast Furnace
45:24 Elite Battle Elephant
Nonamesoul
14:37 Feudal Age
23:19 Castle Age
29:11 Forging
29:08 Scale Barding Armor
28:31 Light Cavalry
33:43 Iron Casting
33:29 Chain Barding Armor
39:25 Imperial Age
PjMcginty
11:08 Feudal Age
11:42 Double-Bit Axe
11:38 Horse Collar
16:40 Castle Age
15:57 Stone Mining
17:08 Fletching
17:29 Forging
17:59 Wheelbarrow
18:21 Bow Saw
20:12 Heavy Plow
23:59 Town Watch
24:30 Hand Cart
24:55 Bodkin Arrow
26:58 Husbandry
27:28 Scale Barding Armor
28:46 Thumb Ring
29:22 Gold Mining
30:52 Padded Archer Armor
35:23 Imperial Age
34:47 Leather Archer Armor
35:07 Ballistics
39:44 Conscription
39:24 Capped Ram
41:48 Bracer
42:18 Parthian Tactics
41:44 Elite Mangudai
41:54 Light Cavalry
46:29 Bloodlines
49:57 Chemistry
49:50 Hussar
Call of Silence
10:07 Feudal Age
15:07 Castle Age
13:39 Horse Collar
14:01 Double-Bit Axe
17:07 Bow Saw
17:05 Heavy Plow
20:32 Wheelbarrow
22:20 Loom
26:22 Imperial Age
24:48 Hand Cart
26:04 Chemistry
25:48 Forging
25:39 Scale Mail Armor
25:48 Pikeman
29:55 Houfnice
30:43 Siege Engineers
30:19 Treadmill Crane
30:29 Town Watch
31:35 Squires
32:15 Iron Casting
31:56 Chain Mail Armor
31:54 Halberdier
35:56 Ballistics
35:48 Fortified Wall
35:49 Masonry
36:43 Blast Furnace
36:13 Plate Mail Armor
36:02 Hand Cart
35:48 Town Patrol
46:57 Architecture
49:48 Two-Man Saw
50:30 Wagenburg Tactics
50:46 Conscription
50:45 Fletching
pascapas
1:00 Loom
12:28 Feudal Age
15:36 Double-Bit Axe
15:46 Horse Collar
18:28 Town Watch
23:50 Castle Age
22:50 Gold Mining
23:27 Fletching
24:26 Bloodlines
31:28 Wheelbarrow
32:15 Forging
32:11 Scale Barding Armor
33:54 Iron Casting
38:10 Bow Saw
40:52 Imperial Age
38:23 Town Patrol
38:33 Steppe Husbandry
39:35 Hand Cart
42:29 Iron Casting
41:50 Bodkin Arrow
41:35 Elite Steppe Lancer
46:26 Heavy Plow
唉呦我的媽
12:08 Feudal Age
14:12 Double-Bit Axe
16:40 Castle Age
14:44 Horse Collar
15:21 Bow Saw
16:07 Heavy Plow
18:42 Two-Man Saw
19:55 Wheelbarrow
20:31 Crop Rotation
22:12 Hand Cart
29:39 Imperial Age
26:59 Town Watch
27:09 Treadmill Crane
27:40 Masonry
28:35 Fortified Wall
28:20 Gold Mining
28:27 Stone Mining
28:51 Forging
28:47 Scale Barding Armor
28:49 Arson
29:21 Town Patrol
29:30 Husbandry
28:50 Cavalier
30:36 Iron Casting
30:55 Architecture
32:18 Chemistry
32:01 Burgundian Vineyards
32:34 Conscription
32:50 Elite Coustillier
34:51 Blast Furnace
35:15 Chain Barding Armor
37:55 Gold Shaft Mining
37:56 Stone Shaft Mining
39:12 Ballistics
39:29 Light Cavalry
40:40 Hussar
40:43 Paladin
43:33 Plate Barding Armor
48:25 Arrowslits
Connection lost

Rejoining the realm…

Still unreachable

The connection could not be restored.

Session expired

The server has moved on; the page needs a fresh start.